 Dungeon Crawl Stone Soup version 0.30-a0-859-gf88a04b62d (webtiles) character file.

Game seed: 5897869610927872590

434 Dittersdorf the Trooper (level 7, -3/44 HPs)
             Began as a Gargoyle Fighter on Mar 6, 2023.
             Constricted to death by Grinder (8 damage)
             ... on level 2 of the Dungeon.
             The game lasted 00:04:29 (3495 turns).

Dittersdorf the Trooper (Gargoyle Fighter)          Turns: 3495, Time: 00:04:30

Health: -3/44      AC: 12    Str: 22    XL:     7   Next: 0%
Magic:  7/7        EV:  6    Int:  8    God:
Gold:   169        SH:  4    Dex:  9    Spells: 6/6 levels left

rFire   . . .      SeeInvis .    t - +2 flail (drain)
rCold   . . .      Faith    .    c - +0 buckler
rNeg    + . .      Spirit   .    b - +0 scale mail
rPois   ∞          Reflect  .    (no helmet)
rElec   +          Rampage  .    (no cloak)
rCorr   .                        (no gloves)
Will    .....                    (no boots) Stlth
                                 e - amulet of the acrobat
HPRegen 0.27/turn                (no ring)
MPRegen 0.10/turn                (no ring)

@: grasped by roots, acrobatic, constricted
A: sickness immunity, AC +4, negative energy resistance 1, electricity
resistance, torment resistance 1, petrification resistance
a: no special abilities


You were on level 2 of the Dungeon.
You visited 1 branch of the dungeon, and saw 3 of its levels.

You collected 169 gold pieces.

Inventory:

Hand Weapons
 t - a +2 flail of draining (weapon)
Missiles
 r - 9 poisoned darts (quivered)
Armour
 b - a +0 scale mail (worn)
 c - a +0 buckler (worn)
Jewellery
 e - an amulet of the acrobat (around neck)
Scrolls
 f - 3 scrolls of identify {unknown}
 j - 2 scrolls of vulnerability {unknown}
 l - a scroll of blinking {unknown}
 m - 2 scrolls of teleportation {unknown}
 n - a scroll of butterflies {unknown}
 s - 2 scrolls of fear {unknown}
Potions
 a - a potion of ambrosia {unknown}
 d - a potion of might
 g - a potion of curing {unknown}
 h - 3 potions of flight {unknown}
 i - a potion of resistance {unknown}
 k - 2 potions of lignification {unknown}
 o - a potion of heal wounds {unknown}
 q - a potion of magic {unknown}


   Skills:
 + Level 5.1 Fighting
 + Level 3.9 Maces & Flails
 + Level 5.0 Armour
 + Level 5.0 Shields


You had 6 spell levels left.
You didn't know any spells.
Your spell library was empty.

Dungeon Overview and Level Annotations

Branches:
Dungeon (3/15)

Altars:
Zin

Annotations:
D:2 Grinder
D:3 2 transporters


Innate Abilities, Weirdness & Mutations

You are immune to sickness and miasma.
Your stone body is resilient. (AC +4)
You are immune to poison.
You resist negative energy. (rN+)
You are resistant to electric shocks. (rElec)
You are resistant to unholy torment.
You are immune to petrification.


Message History

You hit Grinder but do no damage.
Grinder is heavily wounded.
Grinder barely misses you.
You closely miss Grinder.
Grinder is heavily wounded.
Grinder hits you but does no damage. Grinder hits you.
You hit Grinder.
Grinder is severely wounded.
Grinder zaps a wand.
The roots erupt in riotous growth!
The grasping roots grab you!
Grinder is unaffected.
The grasping roots constrict you.
You hit Grinder but do no damage.
Grinder is severely wounded.
You block Grinder's attack. The grasping roots constrict you!
You sock Grinder!
Grinder is almost dead.
Grinder hits you but does no damage. The grasping roots constrict you.
You barely miss Grinder.
Grinder is almost dead.
Grinder blinks!
The grasping roots constrict you!
* * * LOW HITPOINT WARNING * * *
Grinder gestures at you.
You struggle to resist.
The grasping roots constrict you!
* * * LOW HITPOINT WARNING * * *
The grasping roots release their grip on you.
Grinder gestures at you.
You suddenly lose the ability to move!
You can move again.
Items here: ) [ ÷÷÷.
Grinder gestures at you.
You suddenly lose the ability to move!
Grinder gestures at you.
You shrug off the repeated paralysis!
Grinder gestures at you.
You shrug off the repeated paralysis!
You can move again.
Grinder zaps a wand.
The roots erupt in riotous growth!
The grasping roots grab you!
Grinder is unaffected.
The grasping roots constrict you!
You die...

.......###.....##
##....##.#
##.......##...##
#..#.##.#
##.......###+##
#....##.# ##.......#
#.# #.#.###.#
###....### #.#
#.#.###.# .......#
##.## #.......#
#.....#####...#####
###.#####
#.###............5###
#.# #.#
#..####...#.@.[># #.#
#.###.##
##)##.###[#####.#
#.....# #.##.#
#.......# #######
#.##.###5#######
#.##.....# #.########
#.# #.# ### ######.##


You could see Grinder.

Vanquished Creatures
  Sigmund (D:3)
  2 orc priests
  Jessica (D:2)
  Natasha (twice) (D:2)
  5 gnolls
  2 adders (D:2)
  2 worms
  4 dart slugs
  5 orcs
  5 ball pythons
  3 bats
  3 endoplasms
  3 goblins
  7 hobgoblins
  7 jackals
  5 kobolds
  2 quokkas
  A frilled lizard (D:1)
  2 rats
62 creatures vanquished.

Vanquished Creatures (others)
  60 plants (D:3)
60 creatures vanquished.

Grand Total: 122 creatures vanquished

Notes
Turn   | Place    | Note
-------+----------+-------------------------------------------
     0 | D:1      | Dittersdorf the Gargoyle Fighter began the quest for the
                  | Orb.
     0 | D:1      | Reached XP level 1. HP: 14/14 MP: 1/1
    55 | D:1      | Reached XP level 2. HP: 12/19 MP: 2/2
   145 | D:1      | Reached XP level 3. HP: 19/23 MP: 3/3
   928 | D:1      | Reached XP level 4. HP: 9/29 MP: 4/4
  1032 | D:2      | Noticed Jessica
  1037 | D:2      | Killed Jessica
  1185 | D:2      | You fall into a shaft and drop 1 floor!
  1223 | D:3      | Found a transporter.
  1238 | D:3      | Found a transporter.
  1282 | D:3      | Noticed Sigmund
  1293 | D:3      | Reached XP level 5. HP: 31/33 MP: 5/5
  1315 | D:3      | Killed Sigmund
  1316 | D:3      | Reached XP level 6. HP: 37/39 MP: 6/6
  1731 | D:2      | Found a faded altar of an unknown god.
  2177 | D:2      | Noticed Natasha
  2182 | D:2      | Killed Natasha
  2631 | D:2      | Found a faded altar of an unknown god.
  2922 | D:2      | Noticed Natasha
  2933 | D:2      | Killed Natasha
  2934 | D:2      | Reached skill level 5 in Fighting
  3200 | D:3      | Found a glowing silver altar of Zin.
  3206 | D:3      | Noticed Grinder
  3223 | D:2      | Reached skill level 5 in Shields
  3374 | D:2      | Reached skill level 5 in Armour
  3374 | D:2      | Reached XP level 7. HP: 23/44 MP: 7/7
  3452 | D:3      | Paralysed by Grinder for 5 turns
  3469 | D:3      | Paralysed by Grinder for 5 turns
  3485 | D:2      | HP: 2/44 [constriction (7)]
  3486 | D:2      | Paralysed by Grinder for 2 turns
  3492 | D:2      | Paralysed by Grinder for 3 turns
  3495 | D:2      | Constricted to death by Grinder

Illustrated notes

Levels and vault maps discovered:
D:1:      scummos_arrival_gate, layout_basic, minmay_surrounded
D:2:      layout_loops_corners, shapermc_ecumenical_altar_mp_highgroup,
          uniq_natasha, uniq_jessica
D:3:      gammafunk_wand_slinger, layout_basic, mainiacjoe_overflow_catwalk,
          kennysheep_boxes, uniq_grinder, uniq_sigmund

Skill      XL: |  1  2  3  4  5  6 |
---------------+-------------------+-----
Fighting       | 4 5 |  5.1
Armour         | 4 5 |  5.0
Shields        | 4 5 |  5.0
Maces & Flails | 3 |  3.9

Action                     |  1- 3 |  4- 6 |  7- 9 || total
---------------------------+-------+-------+-------++-------
  Melee: Flail             |   121 |   152 |     9 ||   282
  Throw: Dart              |       |     4 |       ||     4
 Armour: Scale mail        |    85 |   120 |     5 ||   210
         Skin              |       |     2 |       ||     2
  Dodge: Dodged            |   101 |   135 |     4 ||   240
  Block: Buckler           |    43 |    30 |     1 ||    74

Table legend: (Time is in decaauts)
 A = Elapsed time spent in this place.
 B = Non-inter-level travel time spent in this place.
 C = Inter-level travel time spent in this place.
 D = Time resting spent in this place.
 E = Time spent auto-exploring this place.
 F = Levels seen in this place.
 G = Mean time per level.
                   A        B        C        D        E       F      G
               +--------+--------+--------+--------+--------+-----+--------+
         Total |   3582 |   3502 |     80 |    398 |   2385 |   3 | 1194.0 |
       Dungeon |   3582 |   3502 |     80 |    398 |   2385 |   3 | 1194.0 |
               +--------+--------+--------+--------+--------+-----+--------+

Top non-repeatable levels by time:
     D:2: 2020 daAuts
     D:1: 963 daAuts
     D:3: 598 daAuts
